Map: Tokamak LE

Players

LiquidMaNa (MaNa) - Winner!

  • Race: Protoss Protoss
  • League: Grandmaster
  • Spawn Location: 7:00

ArT

  • Race: Protoss Protoss
  • League: Master
  • Spawn Location: 1:00

Event: FEL Cracov 2025

VOD

Have the link to the VOD?

Description

Time

  • Played on: July 27, 2025, 10:11 a.m.
  • Length: 6:44

All games in this series

Show
View Real Time Build Order
Export as new Build Order

LiquidMaNa Protoss - Winner!

Build Orders:  

Get SALT Encoding   

  12  0:00  Probe  
  13  0:12  Probe  
  14  0:18  Pylon  
  14  0:24  Probe  
  15  0:32  Probe  
  15  0:40  Gateway, Probe  
  16  0:46  Assimilator  
  17  0:50  Probe  
  18  0:59  Probe  
  19  1:04  Assimilator  
  19  1:05  Pylon  
  19  1:07  Probe  
  20  1:17  Probe  
  21  1:27  Cybernetics Core  
  21  1:28  Zealot  
  21  1:31  Probe  
  24  1:43  Probe  
  25  1:55  Probe  
  26  2:04  Sentry, Warp Gate  
  28  2:09  Nexus  
  28  2:17  Pylon  
  28  2:19  Probe  
  29  2:26  Sentry  
  31  2:38  Robotics Facility  
  31  2:39  Probe  
  31  2:51  Probe  
  32  2:55  Shield Battery  
  32  2:57  Adept  
  34  3:02  Shield Battery  
  34  3:03  Probe  
  35  3:15  Probe  
  35  3:16  Gateway  
  36  3:21  Warp Prism  
  36  3:27  Sentry  
  40  3:34  Probe  
  40  3:39  Probe  
  41  3:47  Probe  
  40  3:51  Probe  
  40  3:59  Probe, Immortal  
  40  4:03  Probe  
  43  4:11  Probe  
  43  4:13  Sentry  
  43  4:15  Sentry, Probe  
  48  4:34  Probe  
  48  4:37  Stalker  
  51  4:40  Stalker  
  51  4:41  Immortal  
  49  4:59  Shield Battery  
  49  5:01  Sentry  
  49  5:02  Probe  
  49  5:06  Probe  
  53  5:19  Pylon  
  53  5:37  Probe, Immortal  
  53  5:38  Stalker  
  53  5:39  Shield Battery  
  61  5:46  Adept  
  62  5:50  Shield Battery  
  62  5:57  Pylon  
  62  6:13  Pylon  
  66  6:23  Adept x2, Probe  
  69  6:29  Probe  
Show
View Real Time Build Order
Export as new Build Order

ArT Protoss 

Build Orders:  

Get SALT Encoding   

  12  0:00  Probe  
  13  0:12  Probe  
  14  0:16  Pylon  
  14  0:24  Probe  
  15  0:32  Probe  
  15  0:37  Gateway  
  15  0:40  Probe  
  16  0:46  Assimilator  
  17  0:51  Probe  
  17  0:54  Assimilator  
  18  0:59  Probe  
  19  1:07  Probe  
  19  1:09  Gateway  
  19  1:17  Probe  
  21  1:26  Cybernetics Core  
  21  1:30  Probe  
  22  1:38  Pylon  
  22  1:42  Probe  
  24  2:03  Robotics Facility, Adept  
  24  2:07  Adept  
  27  2:10  Warp Gate  
  27  2:17  Pylon  
  27  2:33  Adept  
  29  2:37  Adept  
  29  2:39  Warp Prism  
  33  3:01  Gateway  
  33  3:06  Immortal  
  37  3:20  Pylon  
  35  3:50  Immortal  
  39  4:05  Sentry, Stalker x2  
  45  4:11  Pylon  
  45  4:33  Immortal  
  45  4:35  Adept  
  45  4:36  Adept x2  
  47  4:53  Pylon  
  47  4:59  Adept x2  
  51  5:00  Sentry  
  53  5:18  Immortal  
  57  5:31  Pylon  
  57  5:38  Sentry, Adept x2  
  63  5:47  Pylon  
  59  5:59  Immortal  
  61  6:19  Adept x3  
Tags
 
Add a new tag
Caveats
  • Supply blocks, unpowered buildings, or Contaminate may cause inaccurate times.
  • Supply counts are checked every 10 seconds.